 Dungeon Crawl Stone Soup version 0.31-a0-230-g09eb5fc4d3 (webtiles) character file.

Game seed: 6790098394842391236

79 qw the Shooter (level 4, -4/36 HPs)
             Began as a Minotaur Hexslinger on July 6, 2023.
             Succumbed to a scorpion's poison
             ... on level 4 of the Dungeon.
             The game lasted 00:00:24 (979 turns).

qw the Shooter (Minotaur Hexslinger)                 Turns: 979, Time: 00:00:25

Health: -4/36      AC:  5    Str: 12    XL:     4   Next: 17%
Magic:  4/4        EV: 11    Int: 10    God:
Gold:   71         SH:  0    Dex: 15    Spells: 4/5 levels left

rFire   . . .        Y - +1 sling
rCold   . . .        (no shield)
rNeg    . . .        g - +0 ring mail
rPois   .            (helmet restricted)
rElec   .            (no cloak)
rCorr   .            (no gloves)
SInv    .            (no boots)
Will    .....        (no amulet)
Stlth   +            (no ring)
HPRegen 0.26/turn    (no ring)
MPRegen 0.09/turn

%: no passive effects
@: lethally poisoned (-4 -> -24)
A: horns 2, retaliatory headbutt
a: no special abilities


You were on level 4 of the Dungeon.
You visited 1 branch of the dungeon, and saw 3 of its levels.

You collected 71 gold pieces.


Innate Abilities, Weirdness & Mutations

You have a pair of horns on your head.
You reflexively headbutt those who attack you in melee.


   Skills:
 - Level 2.0 Fighting
 + Level 4.5 Ranged Weapons
 - Level 1.0 Armour
 - Level 2.1 Dodging
 - Level 1.0 Spellcasting
 - Level 2.0 Hexes


You had 4 spell levels left.
You knew the following spells:

 Your Spells              Type           Power      Damage    Failure   Level
a - Slow                  Hex            16%        N/A       34%         1

Your spell library contained the following spells:

 Spells                   Type           Power      Damage    Failure   Level
 Inner Flame              Hex/Fire       2%         N/A       83%         3
 Portal Projectile        Hex/Tloc       4%         N/A       83%         3
 Cause Fear               Hex            2%         N/A       98%         4

Inventory:

Hand Weapons
 Y - a +1 sling (weapon)
Armour
 g - a +0 ring mail (worn)
Scrolls
 a - a scroll of identify
 b - a scroll of teleportation {unknown}
 c - a scroll of fear {unknown}
Potions
 i - a potion of mutation {unknown}
 j - a potion of haste {unknown}

Dungeon Overview and Level Annotations

Branches:
Dungeon (2/15)

Altars:


Message History

The hound barely misses you. You furiously retaliate!
You headbutt the hound!
You kill the hound!
The scorpion moves out of view.
You have reached level 4!
You feel agile.
You start resting.
A scorpion is nearby!
You shoot a sling bullet.
The sling bullet barely misses the scorpion.
You shoot a sling bullet.
The sling bullet closely misses the scorpion.
The scorpion stings you but does no damage.
You shoot a sling bullet.
The sling bullet hits the scorpion but does no damage.
The scorpion stings you.
You are poisoned.
The scorpion poisons you! The scorpion stings you.
You are lethally poisoned!
The scorpion poisons you!
You shoot a sling bullet.
The sling bullet closely misses the scorpion.
You feel very sick. The scorpion barely misses you.
You shoot a sling bullet.
The sling bullet barely misses the scorpion.
You feel very sick.
The scorpion stings you but does no damage.
The scorpion closely misses you.
You shoot a sling bullet.
The sling bullet barely misses the scorpion.
You feel very sick. The scorpion stings you.
You shoot a sling bullet. The sling bullet hits the scorpion.
The scorpion is lightly wounded.
You feel sick. The scorpion stings you.
You are more poisoned.
The scorpion poisons you! The scorpion closely misses you.
You shoot a sling bullet.
The sling bullet hits the scorpion but does no damage.
The scorpion is lightly wounded.
You die...

##+##
##...#
#....#
#....#
+....#
###@.#
#s## .).
.....
..?....
........#
.####$##.#
.. #.# .#


You could see a scorpion.

Vanquished Creatures
  A hound (D:4)
  An adder (D:2)
  An ufetubus (D:4)
  A worm (D:1)
  An endoplasm (D:1)
  A giant cockroach (D:2)
  A goblin (D:4)
  5 hobgoblins
  3 kobolds
  5 quokkas (D:1)
  4 ball pythons (D:1)
  2 bats
  2 frilled lizards (D:1)
  5 rats
33 creatures vanquished.

Notes
Turn   | Place    | Note
-------+----------+-------------------------------------------
     0 | D:1      | qw the Minotaur Hexslinger began the quest for the Orb.
     0 | D:1      | Reached XP level 1. HP: 16/16 MP: 1/1
     0 | D:1      | 0 ||| qw: Version: 0.3-a-46-gb1f654a
     0 | D:1      | 0 ||| qw: Game counter: 1767
     0 | D:1      | 0 ||| qw: Melee chars always use a shield: true
     0 | D:1      | 0 ||| qw: God list: Okawaru
     0 | D:1      | 0 ||| qw: Allow faded altars: false
     0 | D:1      | 0 ||| qw: Do Orc after clearing Dungeon:15 true
     0 | D:1      | 0 ||| qw: Do second Lair branch before Depths: true
     0 | D:1      | 0 ||| qw: Lair rune preference: random
     0 | D:1      | 0 ||| qw: Goals: Normal
     0 | D:1      | 0 ||| PLANNING D:1-11
   154 | D:1      | Reached skill level 3 in Ranged Weapons
   154 | D:1      | Reached XP level 2. HP: 23/23 MP: 2/2
   698 | D:1      | 698 ||| UPGRADING to +0 leather armour.
   708 | D:1      | 708 ||| DROPPING +0 robe.
   709 | D:1      | 709 ||| UPGRADING to +0 ring mail.
   719 | D:1      | 719 ||| DROPPING +0 leather armour.
   720 | D:1      | 720 ||| READING scroll labelled ACWAUV GAXYI.
   721 | D:1      | 721 ||| READING scroll labelled XIAXEA ONOIQ.
   722 | D:1      | 722 ||| READING scroll labelled CAOPHA XUEM.
   723 | D:1      | 723 ||| READING scroll labelled ISEONILULEI.
   724 | D:1      | 724 ||| DROPPING scroll of poison.
   758 | D:2      | Reached XP level 3. HP: 28/29 MP: 3/3
   761 | D:2      | 761 ||| STAIRDANCE
   922 | D:2      | Reached skill level 4 in Ranged Weapons
   939 | D:2      | You fall into a shaft and drop 2 floors!
   951 | D:4      | Reached skill level 1 in Armour
   952 | D:4      | Noticed a scorpion
   953 | D:4      | Reached XP level 4. HP: 18/36 MP: 4/4
   977 | D:4      | HP: 7/36 [poisoned by a scorpion]
   978 | D:4      | HP: 2/36 [scorpion (2)]
   979 | D:4      | Succumbed to a scorpion's poison

Levels and vault maps discovered:
D:1:      minmay_arrival_arboretum_small, layout_loops_cross,
          minmay_pentomino_v4
D:2:      layout_loops_ring
D:4:      layout_gridville, general_overflow_altar, serial_glass,
          glass_columns_b, glass_columns_a, uniq_robin, uniq_eustachio,
          uniq_crazy_yiuf_cottage, uniq_ijyb

Skill      XL: |  1  2  3 |
---------------+----------+-----
Ranged Weapons | 3 4 |  4.5
Fighting       | 2 |  2.0
Armour         | 1 |  1.0
Dodging        | |  2.1
Spellcasting   | |  1.0
Hexes          | |  2.0

Action                     |  1- 3 |  4- 6 || total
---------------------------+-------+-------++-------
   Fire: Sling             |    97 |     8 ||   105
    Use: Scroll            |     4 |       ||     4
 Armour: Robe              |     4 |       ||     4
         Ring mail         |     9 |     2 ||    11
  Dodge: Dodged            |    27 |     3 ||    30

Table legend:
 A = Non-vault XP
 B = Vault XP
 C = Vault XP percentage of total XP
 D = Non-vault monster count
 E = Vault monster count
 F = Vault count percentage of total count
                 A         B        C        D         E       F
            +---------+---------+-------+---------+---------+-------
      Total |     107 |       7 |   6.1 |      29 |       4 |  12.1
            +---------+---------+-------+---------+---------+-------
        D:1 |      29 |       7 |  19.4 |      16 |       4 |  20.0
        D:2 |      28 |       0 |   0.0 |      10 |       0 |   0.0
        D:4 |      50 |       0 |   0.0 |       3 |       0 |   0.0
            +---------+---------+-------+---------+---------+-------
